 Dungeon Crawl Stone Soup version 0.27-a0-1101-ge311f74bc8 (webtiles) character file.

Game seed: 8512301688463071123

22 tardwrangler69 the Digger (level 2, -9/17 HPs)
             Began as an Octopode Earth Elementalist on Apr 29, 2021.
             Was an Initiate of Vehumet.
             Mangled by Terence
             ... wielding a +0 flail
              (12 damage)
             ... on level 2 of the Dungeon.
             The game lasted 00:01:27 (785 turns).

tardwrangler69 the Digger (OpEE)                     Turns: 785, Time: 00:01:27

Health: -9/17      AC:  1    Str:  7    XL:     2   Next: 91%
Magic:  1/5        EV: 13    Int: 17    God:    Vehumet [......]
Gold:   21         SH:  0    Dex: 12    Spells: 4/5 levels left

rFire    . . .     SeeInvis .   e - +1 dagger (venom)
rCold    . . .     Faith    .   (no shield)
rNeg     . . .     Spirit   .   (helmet restricted)
rPois    .         Reflect  .   (no amulet)
rElec    .         Harm     .   g - ring of wizardry
rCorr    .         Rampage  .   (no ring)
Will     .....                  (no ring)
Stlth    +++.......             (no ring)
HPRegen  0.05/turn              (no ring)
MPRegen  0.09/turn              (no ring)
                                (no ring)
                                (no ring)

@: mighty, about to teleport, hasted, very quick
A: almost no armour, amphibious, 8 rings, camouflage 1, gelatinous body 1,
(nimble swimmer 1), tentacles
a: Renounce Religion


You were on level 2 of the Dungeon.
You worshipped Vehumet.
Vehumet was noncommittal.
You visited 1 branch of the dungeon, and saw 2 of its levels.

You collected 21 gold pieces.

Inventory:

Hand Weapons
 e - a +1 dagger of venom (weapon)
Missiles
 a - a throwing net
 b - 88 stones
Jewellery
 g - a ring of wizardry (left tentacle)
Scrolls
 f - a scroll of identify
 i - a scroll of enchant weapon
Potions
 h - a potion of might


   Skills:
 - Level 2.0 Dodging
 - Level 2.6 Stealth
 + Level 2.4 Spellcasting
 - Level 1.0 Transmutations
 * Level 3.7 Earth Magic


You had 4 spell levels left.
You knew the following spells:

 Your Spells              Type           Power      Damage    Failure   Level
a - Sandblast             Erth           28%        2d8       1%          1

Your spell library contained the following spells:

 Spells                   Type           Power      Damage    Failure   Level
 Passwall                 Tmut/Erth      8%         N/A       4%          2
 Stone Arrow              Conj/Erth      16%        3d8       11%         3
 Petrify                  Tmut/Erth      10%        N/A       26%         4
 Lee's Rapid Deconstruct  Erth           7%         3d7*      38%         5


Dungeon Overview and Level Annotations

Branches:
Dungeon (2/15)

Altars:
Vehumet

Annotations:
D:2 Terence


Innate Abilities, Weirdness & Mutations

You cannot wear most types of armour.
You are amphibious.
You can wear up to eight rings at the same time.
Your skin changes colour to match your surroundings (Stealth+).
Your rubbery body absorbs attacks. (AC +1, EV +1)
((You are camouflaged near water. (Stealth+)))
You have tentacles for arms and can constrict up to eight enemies at once.


Message History

Terence is moderately wounded.
You constrict Terence, but do no damage.
Terence misses you.
You hit Terence but do no damage.
Terence is moderately wounded.
You constrict Terence, but do no damage.
Terence hits you with a +0 flail.
* * * LOW HITPOINT WARNING * * *
You release your grip on Terence.
Terence shouts, "Now you die!"
Okay, then.
Unknown command.
Okay, then.
It was a potion of might.
You feel very mighty all of a sudden. Terence misses you.
It was a potion of haste.
You feel yourself speed up. Terence hits you but does no damage.
Okay, then.
As you read the scroll labelled JODIPNA ECLATS, it crumbles to dust.
You feel strangely unstable.
It was a scroll of teleportation.
As you read the scroll labelled UBYNADDEOXA, it crumbles to dust.
It is a scroll of identify.
i - a scroll of enchant weapon
Okay, then.
Unknown command.
Unknown command.
Okay, then.
g - a ring of wizardry (left tentacle) Terence closely misses you.
You closely miss Terence. Your grab misses Terence.
Terence is moderately wounded.
You barely miss Terence. You grab Terence. You squeeze Terence.
Terence is moderately wounded.
You constrict Terence. Terence barely misses you.
You puncture Terence!
Terence is poisoned.
Terence is severely wounded.
You constrict Terence. Terence hits you with a +0 flail!
Ouch! That really hurt!
You die...

### #.# #.# ###
#.# #.#
###########)####.#
#@@..............#
###########......#
#........#..#
#....>..@....
#........#..#
#............
+............
#........##.#
#........##..


You could see Terence (very poisoned).

Vanquished Creatures
  An adder (D:2)
  3 ball pythons
  2 bats
  A goblin (D:1)
  A hobgoblin (D:2)
  A kobold (D:1)
  A frilled lizard (D:2)
  2 rats
12 creatures vanquished.

Notes
Turn   | Place    | Note
-------+----------+-------------------------------------------
     0 | D:1      | tardwrangler69 the Octopode Earth Elementalist began the
                  | quest for the Orb.
     0 | D:1      | Reached XP level 1. HP: 11/11 MP: 3/3
    33 | D:1      | Found a faded altar of an unknown god.
   281 | D:1      | Reached XP level 2. HP: 17/17 MP: 3/5
   363 | D:1      | You fall into a shaft and drop 1 floor!
   389 | D:2      | Found a radiant altar of Vehumet.
   398 | D:2      | Became a worshipper of Vehumet
   681 | D:2      | Noticed Terence
   785 | D:2      | Mangled by Terence

Illustrated notes

Levels and vault maps discovered:
D:1:      psy_arrival_statuary, layout_basic,
          shapermc_ecumenical_altar_mp_ritualfount, minmay_indecisive_spiral
D:2:      layout_basic, basic_altar, minmay_tromino_v4_c, uniq_terence

Action                   || total
-------------------------++-------
Melee: Unarmed           ||     3
       Constrict         ||     4
       Dagger            ||     7
       Tentacles         ||     1
 Cast: Sandblast         ||    16
  Use: Scroll            ||     2
       Potion            ||     2
 Stab: Sleeping          ||     1
Armor: Skin              ||     1
Dodge: Dodged            ||     6

Table legend: (Time is in decaauts)
 A = Elapsed time spent in this place.
 B = Non-inter-level travel time spent in this place.
 C = Inter-level travel time spent in this place.
 D = Time resting spent in this place.
 E = Time spent auto-exploring this place.
 F = Levels seen in this place.
 G = Mean time per level.
                   A        B        C        D        E       F      G
               +--------+--------+--------+--------+--------+-----+--------+
         Total |    780 |    780 |      0 |      0 |    666 |   2 |  390.0 |
       Dungeon |    780 |    780 |      0 |      0 |    666 |   2 |  390.0 |
               +--------+--------+--------+--------+--------+-----+--------+

Top non-repeatable levels by time:
     D:2: 417 daAuts
     D:1: 363 daAuts
